 Dungeon Crawl Stone Soup version 0.29-a0-997-gf6f7e2dfe7 (webtiles) character file.

Game seed: 8953238427912239184

71 drugrobin the Chopper (level 3, -3/30 HPs)
             Began as a Demigod Fighter on Aug 4, 2022.
             Killed by divine providence
             ... invoked by an orc priest
              (8 damage)
             ... on level 3 of the Dungeon.
             The game lasted 00:03:37 (2307 turns).

drugrobin the Chopper (Demigod Fighter)             Turns: 2307, Time: 00:03:38

Health: -3/30      AC:  8    Str: 21    XL:     3   Next: 79%
Magic:  5/5        EV:  7    Int: 10    God:
Gold:   82         SH:  4    Dex: 13    Spells: 2/2 levels left

rFire   . . .      SeeInvis .   a - +0 war axe
rCold   . . .      Faith    .   c - +0 buckler
rNeg    . . .      Spirit   .   p - +0 chain mail
rPois   .          Reflect  .   (no helmet)
rElec   .          Harm     .   (no cloak)
rCorr   .          Rampage  .   (no gloves)
Will    .....                   (no boots)
Stlth   ..........              (no amulet)
HPRegen 0.10/turn               (no ring)
MPRegen 0.09/turn               (no ring)

@: no status effects
A: high MP 1, forlorn, divine attributes
a: no special abilities


You were on level 3 of the Dungeon.
You visited 1 branch of the dungeon, and saw 3 of its levels.

You collected 82 gold pieces.

Inventory:

Hand Weapons
 a - a +0 war axe (weapon)
Missiles
 g - 11 stones (quivered)
Armour
 b - a +0 scale mail
 c - a +0 buckler (worn)
 p - a +0 chain mail (worn)
Scrolls
 e - a scroll of enchant armour {unknown}
 f - 3 scrolls of magic mapping {unknown}
 i - 4 scrolls of immolation {unknown}
 j - a scroll of identify {unknown}
 l - a scroll of acquirement {unknown}
 m - 2 scrolls of poison {unknown}
 n - a scroll of noise {unknown}
Potions
 d - 2 potions of might
 h - a potion of lignification {unknown}
 k - a potion of curing {unknown}
 o - a potion of mutation {unknown}


   Skills:
 - Level 2.6 Fighting
 + Level 4.0 Axes
 - Level 2.6 Armour
 - Level 2.6 Shields


You had 2 spell levels left.
You didn't know any spells.
Your spell library contained the following spells:

 Spells                   Type           Power      Damage    Failure   Level
 Stone Arrow              Conj/Erth      0%         3d7       100%        3
 Animate Armour           Summ/Erth      0%         N/A       100%        4
 Lehudib's Crystal Spear  Conj/Erth      0%         10d2      100%        8


Dungeon Overview and Level Annotations

Branches:
Dungeon (3/15)

Shops:
D:1 [


Innate Abilities, Weirdness & Mutations

You have an increased reservoir of magic. (+10% MP)
You shall have no god before yourself.
Your divine heritage dramatically boosts your attributes as you level up.


Message History

You throw a poisoned dart. The poisoned dart hits the orc priest.
The orc priest looks even sicker.
The orc priest is lightly wounded.
The orc priest mumbles some strange prayers to Beogh against you.
Pain shoots through your body!
Unknown command.
Throw: dart (poison)
Press: ? - help, Shift-Dir - straight line, f/p - orc priest
Aim: an orc priest, wielding a +0 short sword and wearing a +0 chain mail (moderately wounded, very poisoned, 65% to hit)
You throw a poisoned dart. The poisoned dart hits the orc priest.
The orc priest is moderately wounded.
Unknown command.
Okay, then.
Throw: 14 stones
Press: ? - help, Q - select action Shift-Dir - straight line, f/p - orc priest
Aim: an orc priest, wielding a +0 short sword and wearing a +0 chain mail (heavily wounded, very poisoned, 65% to hit)
You throw a stone.
The stone hits the orc priest but does no damage.
The orc priest is heavily wounded.
Unknown command.
Throw: 13 stones
Press: ? - help, Q - select action Shift-Dir - straight line, f/p - orc priest
Aim: an orc priest, wielding a +0 short sword and wearing a +0 chain mail (heavily wounded, very poisoned, 65% to hit)
You throw a stone.
The stone hits the orc priest but does no damage.
The orc priest is heavily wounded.
The orc priest invokes the aid of Beogh against you.
Beogh smites you!
* * * LOW HITPOINT WARNING * * *
Unknown command.
Unknown command.
Throw: 12 stones
Press: ? - help, Q - select action Shift-Dir - straight line, f/p - orc priest
Aim: an orc priest, wielding a +0 short sword and wearing a +0 chain mail (heavily wounded, very poisoned, 65% to hit)
You throw a stone.
The stone hits the orc priest but does no damage.
The orc priest is heavily wounded.
The orc priest calls down the wrath of Beogh upon you.
Beogh smites you!
You die...

#..# #.o####.#
#+# #.(.....#
#.# #(# #.#
#o# ##.## #o#
#####...#####
#.#
#...........#
#.#
#.#.#...###.
#@####.#.##..#
#........##..#
######.####..#
#.# #..#
#.####..#
#.......#
######.## #.#
#.#


You could see an orc priest (very poisoned) and 2 orcs.

Vanquished Creatures
  Jessica (D:2)
  An adder (D:2)
  A dart slug (D:2)
  4 bats
  5 endoplasms
  A giant cockroach (D:2)
  3 goblins (D:2)
  2 hobgoblins
  A quokka (D:1)
  2 ball pythons (D:2)
  4 frilled lizards
  6 kobolds
  2 rats
33 creatures vanquished.

Notes
Turn   | Place    | Note
-------+----------+-------------------------------------------
     0 | D:1      | drugrobin the Demigod Fighter began the quest for the Orb.
     0 | D:1      | Reached XP level 1. HP: 18/18 MP: 3/3
   156 | D:1      | Reached skill level 2 in Axes
   319 | D:1      | Reached XP level 2. HP: 24/25 MP: 4/4
   390 | D:1      | Found Istot's Armour Emporium.
   954 | D:2      | Reached skill level 3 in Axes
   961 | D:2      | Noticed Jessica
   982 | D:2      | Killed Jessica
   983 | D:2      | Reached XP level 3. HP: 9/30 MP: 5/5
  2079 | D:2      | Reached skill level 4 in Axes
  2307 | D:3      | Killed from afar by an orc priest

Illustrated notes

Levels and vault maps discovered:
D:1:      lemuel_arrival_lava_pool, layout_basic, serial_shops, shop_statue,
          hellmonk_ecumenical_altar_inner_sanctum
D:2:      layout_loops_corners, uniq_jessica
D:3:      layout_loops_corners, grunt_temple_overflow_opulence, serial_shops,
          nicolae_shop_temple_entry_statues_fountains

Skill      XL: |  1  2  3 |
---------------+----------+-----
Axes           | 2 3 4 |  4.0
Fighting       | |  2.6
Armour         | |  2.6
Shields        | |  2.6

Action                   || total
-------------------------++-------
Melee: War axe           ||    77
Throw: Stone             ||     9
       Dart              ||     4
Armor: Scale mail        ||    35
Dodge: Dodged            ||    20
Block: Buckler           ||    18

Table legend: (Time is in decaauts)
 A = Elapsed time spent in this place.
 B = Non-inter-level travel time spent in this place.
 C = Inter-level travel time spent in this place.
 D = Time resting spent in this place.
 E = Time spent auto-exploring this place.
 F = Levels seen in this place.
 G = Mean time per level.
                   A        B        C        D        E       F      G
               +--------+--------+--------+--------+--------+-----+--------+
         Total |   2338 |   2290 |     48 |    214 |   1694 |   3 |  779.3 |
       Dungeon |   2338 |   2290 |     48 |    214 |   1694 |   3 |  779.3 |
               +--------+--------+--------+--------+--------+-----+--------+

Top non-repeatable levels by time:
     D:2: 1360 daAuts
     D:1: 795 daAuts
     D:3: 183 daAuts
